 Dungeon Crawl Stone Soup version 0.19-a0-1091-g463c9de (webtiles) character file.

60 JustSomeDude the Shield-Bearer (level 3, 0/29 HPs)
             Began as a Demonspawn Fighter on Aug 7, 2016.
             Slain by Sigmund
             ... wielding a +0 scythe
              (10 damage)
             ... on level 2 of the Dungeon.
             The game lasted 00:03:42 (1264 turns).

JustSomeDude the Shield-Bearer (Demonspawn Fighter) Turns: 1264, Time: 00:03:42

Health: 0/29       AC:  6    Str: 17    XL:     3   Next: 82%
Magic:  3/3        EV:  7    Int:  9    God:
Gold:   85         SH:  9    Dex: 12    Spells: 0 memorised, 2 levels left

rFire  . . .     SeeInvis .     a - +0 trident
rCold  . . .     Gourm    .     b - +0 scale mail
rNeg   . . .     Faith    .     c - +0 shield
rPois  .         Spirit   .     (no helmet)
rElec  .         Dismiss  .     (no cloak)
rCorr  .         Reflect  .     (no gloves)
SustAt .         Harm     .     (no boots)
MR     .....                    (no amulet)
Stlth  ..........               (no ring)
                                (no ring)

@:
A: powered by death 1
a: no special abilities


You were on level 2 of the Dungeon.
You were hungry.

You visited 1 branch of the dungeon, and saw 2 of its levels.

You collected 85 gold pieces.

Inventory:

Hand Weapons
 a - a +0 trident (weapon)
Missiles
 k - 7 tomahawks (quivered)
Armour
 b - a +0 scale mail (worn)
 c - a +0 shield (worn)
Jewellery
 n - an uncursed ring of poison resistance {unknown}
Scrolls
 e - a scroll of identify {unknown}
 h - a scroll of magic mapping {unknown}
 j - 2 scrolls of random uselessness {unknown}
 l - a scroll of remove curse {unknown}
 m - a scroll of recharging {unknown}
Comestibles
 f - a bread ration
 g - 2 fruits
 i - a beef jerky


   Skills:
 + Level 3.3 Fighting
 + Level 2.0 Polearms
 + Level 3.1 Armour
 + Level 0.6 Dodging
 + Level 3.5 Shields


You had 2 spell levels left.
You didn't know any spells.

Dungeon Overview and Level Annotations

Branches:
Dungeon (2/15)

Altars:

Annotations:
D:2 Sigmund


Innate Abilities, Weirdness & Mutations

You regenerate a little health from kills.


Message History

Your shield prevents you from hitting the ooze.
The ooze hits you. The rat bites you but does no damage.
Sigmund hits you from afar with a scythe.
Your shield prevents you from hitting the ooze.
The ooze hits you but does no damage. You block the rat's attack.
Sigmund screams, "Only death can liberate you!"
Sigmund gestures wildly while chanting.
Sigmund flickers and vanishes!
Deactivating autopickup; reactivate with Ctrl-A.
The ooze hits you but does no damage. The rat bites you but does no damage.
You puncture the ooze!
The ooze is heavily wounded.
You feel a little less mighty now. The ooze hits you. Something hits you.
* * * LOW HITPOINT WARNING * * *
You puncture the ooze!
You kill the ooze!
You barely miss the rat. You block the rat's attack. Something hits you!
You die...

........##..# ... ....>.......#
.. ....).....#.## ..
........#....### .#
.......)...#...# .#
#.###.#.#....#.# ####.#
...#......#.##.# ####..!.##
.#......###.##.####...†....######
...#...#........@r{.....)........
................###..........####
####.#......##..# #..............
#........##..# #..........###.
#.......###..# #..#....#.## #.
#.......# #..# #..####+### #.
#..##.### #.......# #. #...#.#
....##.## #. #####..# #.


You could see a rat.

Vanquished Creatures
  An ooze (D:2)
  3 dart slugs
  2 giant geckos (D:1)
  A ball python (D:1)
  A giant cockroach (D:1)
  7 goblins
  5 hobgoblins
  3 jackals (D:1)
  2 quokkas (D:2)
  7 bats
  3 giant newts
  6 kobolds (D:1)
  5 rats
46 creatures vanquished.

Vanquished Creatures (others)
  A plant (D:1)
1 creature vanquished.

Grand Total: 47 creatures vanquished

Notes
Turn   | Place    | Note
-------+----------+-------------------------------------------
     0 | D:1      | JustSomeDude the Demonspawn Fighter began the quest for the Orb.
     0 | D:1      | Reached XP level 1. HP: 18/18 MP: 1/1
   184 | D:1      | Gained mutation: You regenerate a little health from kills. [demonic ancestry]
   184 | D:1      | Reached XP level 2. HP: 23/24 MP: 2/2
   563 | D:1      | Reached XP level 3. HP: 29/29 MP: 3/3
  1220 | D:2      | Noticed Sigmund
  1264 | D:2      | Slain by Sigmund

Vault maps used:
D:1:      wheals_arrival_linesprint, lexackson_kobold_supper
D:2:      okawaru_altar_gauntlet_db, uniq_sigmund

Skill      XL: |  1  2  3 |
---------------+----------+-----
Shields        | 3 |  3.5
Armour         | 3 |  3.1
Polearms       | 2 |  2.0
Fighting       | |  3.3
Dodging        | |  0.6

Action                   || total
-------------------------++-------
Melee: Trident           ||   249
  Use: Potion            ||     1
  Eat: Chunk             ||     1
Armor: Scale mail        ||   101
Dodge: Dodged            ||    60
Block: Shield            ||    95
